 Dungeon Crawl Stone Soup version 0.32-a0-891-gc41d80381e (webtiles) character file.

Game seed: 9430396814354223464

289 Shaidar the Chopper (level 6, -1/82 HPs)
             Began as a Minotaur Berserker on Apr 3, 2024.
             Was a Believer of Trog.
             Killed from afar by an orc wizard (9 damage)
             ... with a puff of flame
             ... on level 4 of the Dungeon.
             The game lasted 00:04:19 (2815 turns).

Shaidar the Chopper (Minotaur Berserker)            Turns: 2815, Time: 00:04:19

Health: -1/82      AC:  5    Str: 24    XL:     6   Next: 9%
Magic:  5/5        EV: 10    Int:  4    God:    Trog [**....]
Gold:   106        SH:  0    Dex:  9    Spells: 5/5 levels left

rFire   . . .        a - +0 hand axe
rCold   . . .        (no shield)
rNeg    . . .        e - +0 ring mail
rPois   .            (helmet restricted)
rElec   .            (no cloak)
rCorr   .            (no gloves)
SInv    .            (no boots)
Will    .....        (no amulet) Stlth
                     (no ring)
HPRegen 0.33/turn    (no ring)
MPRegen 0.09/turn

%: no passive effects
@: berserking (expiring), very quick
A: horns 2, retaliatory headbutt
a: Renounce Religion, Berserk, Trog's Hand


You were on level 4 of the Dungeon.
You worshipped Trog.
Trog was pleased with you.
You visited 1 branch of the dungeon, and saw 4 of its levels.

You collected 106 gold pieces.

Inventory:

Hand Weapons
 a - a +0 hand axe (weapon)
 j - a +0 flail of protection
Armour
 b - a +0 animal skin
 e - a +0 ring mail (worn)
Jewellery
 d - a +5 ring of evasion
 p - a ring of fire {rF+, rC-}
Scrolls
 c - a scroll of amnesia {unknown}
 f - 2 scrolls of noise {unknown}
 h - 2 scrolls of teleportation {unknown}
 i - 3 scrolls of identify {unknown}
 k - 3 scrolls of fog {unknown}
 l - a scroll of silence {unknown}
 m - a scroll of vulnerability {unknown}
 n - a scroll of fear {unknown}
 q - a scroll of brand weapon {unknown}
 r - a scroll of enchant armour {unknown}
 t - 2 scrolls of enchant weapon {unknown}
 u - 2 scrolls of blinking {unknown}
 v - a scroll of poison {unknown}
 x - a scroll of torment {unknown}
Potions
 g - a potion of heal wounds {unknown}
 o - 5 potions of degeneration {unknown}
 s - a potion of berserk rage {unknown}
 w - 2 potions of enlightenment {unknown}


   Skills:
 + Level 4.8 Fighting
 * Level 5.9 Axes
 + Level 4.0 Armour
 + Level 3.7 Dodging


You had 5 spell levels left.
You didn't know any spells.
Your spell library was empty.

Dungeon Overview and Level Annotations

Branches:
Dungeon (4/15)
 Temple: D:4-7

Altars:
Dithmenos
Elyvilon
Makhleb
Okawaru
Xom

Annotations:
D:4 Grinder


Innate Abilities, Weirdness & Mutations

You have a pair of horns on your head.
You reflexively headbutt those who attack you in melee.


Message History

The orc wizard gestures wildly while chanting.
The orc wizard flickers and vanishes!
Deactivating autopickup; reactivate with Ctrl-A.
Grinder closely misses you. The orc closely misses you.
You furiously retaliate!
You headbutt the orc!
You kill the orc!
You are too berserk!
Unknown command.
You are too berserk!
Unknown command.
You are too berserk!
You closely miss Grinder. You barely miss something.
Unknown command.
You are too berserk!
You hit Grinder. You barely miss something.
Grinder blinks!
Something hits you.
* * * LOW HITPOINT WARNING * * *
You take 1 damage, and have 8/82 hp.
Unknown command.
You are too berserk!
Unknown command.
You are too berserk!
You are too berserk!
You closely miss Grinder. You barely miss something.
Unknown command.
You are too berserk!
You barely miss Grinder. You barely miss something. Grinder gestures at you.
You resist with significant effort. Something hits you.
* * * LOW HITPOINT WARNING * * *
Unknown command.
You are too berserk!
You completely miss Grinder. You barely miss something.
Unknown command.
You are too berserk!
You hit Grinder. You slash something! Grinder barely misses you.
You furiously retaliate!
You headbutt Grinder!
You hear some strange, mumbled words.
A puff of flame appears from out of thin air!
The puff of flame hits you!
You die...

..# ..# ..# ..
#.# #o #.# #. #.#
#. #.# #
#.##@#.#####
#.).{5...... .
###.)...##### #
#######.......#
#.
.#......).....##
.
#.#.#####)#...##
###....# #.#..##
.#.#.#.#####.#..#
.............#..#


You could see Grinder.

Levels and vault maps discovered:
D:1:      tekkud_arrival_beachfront_property, layout_loops_ring
D:2:      layout_rooms, dreamdust_ecumenical_altar_statues,
          nrook_mini_backslash, kennysheep_nondescript
D:3:      layout_basic, gammafunk_temple_overflow_forgotten,
          mainiacjoe_overflow_swirl
D:4:      layout_loops_ring, gup_sewer_entry_pipe, minmay_diced_spiral,
          uniq_grinder, uniq_menkaure

Notes
Turn   | Place    | Note
-------+----------+-------------------------------------------
     0 | D:1      | Shaidar the Minotaur Berserker began the quest for the Orb.
     0 | D:1      | Reached XP level 1. HP: 19/19 MP: 0/0
    14 | D:1      | Identified a +5 ring of evasion
    61 | D:1      | Identified a +0 ring mail
    93 | D:1      | Identified a +0 dagger
   120 | D:1      | Identified a +0 short sword
   238 | D:1      | Identified a +0 club
   241 | D:1      | Identified a +0 dagger
   243 | D:1      | Reached XP level 2. HP: 27/27 MP: 1/1
   250 | D:1      | Reached skill level 4 in Axes
   344 | D:1      | Identified a +0 flail of protection
   454 | D:1      | Identified a +0 club
   484 | D:1      | Identified a +0 dagger
   488 | D:1      | Identified a +0 short sword
   490 | D:1      | Identified a +0 club
   498 | D:1      | Reached XP level 3. HP: 25/33 MP: 2/2
   517 | D:1      | Identified a +0 dagger
   622 | D:1      | Reached skill level 4 in Fighting
   718 | D:1      | Identified a +0 dagger
   733 | D:1      | Identified a +0 club
   863 | D:2      | Found a faded altar of an unknown god.
   875 | D:2      | Identified a +0 club
   879 | D:2      | Reached skill level 3 in Armour
   932 | D:2      | Identified a ring of fire
   975 | D:2      | Identified a +0 ring mail
   979 | D:2      | Reached ** piety under Trog
  1134 | D:2      | Identified a +0 ring mail
  1453 | D:3      | Identified a +0 dagger
  1688 | D:3      | Found a burning altar of Makhleb.
  1692 | D:3      | Identified a +0 leather armour
  1709 | D:3      | Identified a +0 flail
  1709 | D:3      | Identified a +0 dagger
  1709 | D:3      | Identified a +0 robe
  1710 | D:3      | Identified a +0 dagger
  1710 | D:3      | Identified a +0 leather armour
  1731 | D:3      | Reached skill level 3 in Dodging
  1731 | D:3      | Reached XP level 4. HP: 11/40 MP: 3/3
  1926 | D:3      | Identified a +0 mace
  1926 | D:3      | Identified a +0 ring mail
  1957 | D:3      | Identified a +0 short sword
  1957 | D:3      | Identified a +1 dagger of draining
  1957 | D:3      | Identified a +0 chain mail
  1968 | D:3      | Reached skill level 5 in Axes
  2166 | D:3      | Found a shadowy altar of Dithmenos.
  2290 | D:3      | Found a shimmering altar of Xom.
  2290 | D:3      | Found a white marble altar of Elyvilon.
  2290 | D:3      | Found an iron altar of Okawaru.
  2417 | D:3      | Identified a +0 whip
  2555 | D:4      | Identified a +0 dagger
  2555 | D:4      | Identified a +0 leather armour
  2555 | D:4      | Identified a +0 dagger
  2555 | D:4      | Identified a +0 ring mail
  2555 | D:4      | Identified a +0 mace
  2555 | D:4      | Identified a +0 dagger
  2555 | D:4      | Identified a +0 ring mail
  2556 | D:4      | Identified a +0 hand axe
  2556 | D:4      | Identified a +0 flail
  2556 | D:4      | Identified a +0 hand axe
  2557 | D:4      | Identified a +0 mace
  2557 | D:4      | Identified a +0 dagger
  2557 | D:4      | Identified a +0 leather armour
  2557 | D:4      | Identified a +0 short sword
  2557 | D:4      | Identified a +0 dagger
  2558 | D:4      | Noticed Menkaure
  2558 | D:4      | Identified a +0 dagger
  2570 | D:4      | HP: 9/41 [??? (6)]
  2571 | D:4      | Reached XP level 5. HP: 11/47 MP: 4/4
  2580 | D:4      | Killed Menkaure
  2581 | D:4      | Reached skill level 4 in Armour
  2715 | D:4      | Reached XP level 6. HP: 51/55 MP: 5/5
  2781 | D:4      | Identified a +0 short sword
  2782 | D:4      | Identified a +0 flail
  2782 | D:4      | Identified a +0 leather armour
  2794 | D:4      | Identified a +0 dagger
  2794 | D:4      | Identified a +0 robe
  2795 | D:4      | Identified a +0 club
  2795 | D:4      | Identified a +0 ring mail
  2796 | D:4      | Noticed Grinder
  2800 | D:4      | Identified a +0 trident
  2803 | D:4      | Paralysed by Grinder for 4 turns
  2806 | D:4      | HP: 12/55 [orc/+0 trident (5)]
  2813 | D:4      | HP: 8/82 [something (1)]
  2815 | D:4      | Killed from afar by an orc wizard

Table legend: (Time is in decaauts)
 A = Elapsed time spent in this place.
 B = Non-inter-level travel time spent in this place.
 C = Inter-level travel time spent in this place.
 D = Time resting spent in this place.
 E = Time spent auto-exploring this place.
 F = Levels seen in this place.
 G = Mean time per level.
                   A        B        C        D        E       F      G
               +--------+--------+--------+--------+--------+-----+--------+
         Total |   2830 |   2770 |     60 |      0 |   2253 |   4 |  707.5 |
       Dungeon |   2830 |   2770 |     60 |      0 |   2253 |   4 |  707.5 |
               +--------+--------+--------+--------+--------+-----+--------+

Top non-repeatable levels by time:
     D:3: 1096 daAuts
     D:1: 868 daAuts
     D:2: 584 daAuts
     D:4: 279 daAuts

Table legend:
 A = Kills in this place as a percentage of kills in the entire game.
 B = Kills by you in this place as a percentage of kills by you in the entire game.
 C = Kills by friends in this place as a percentage of kills by friends in the entire game.
 D = Other kills in this place as a percentage of other kills in the entire game.
 E = Experience gained in this place as a percentage of experience gained in the entire game.
 F = Experience gained in this place divided by the number of levels of this place that you have seen.
                   A       B       C       D       E      F
               +-------+-------+-------+-------+-------+----------------------
         Total | 100.0 | 100.0 |   N/A |   N/A | 100.0 | 103.5
       Dungeon | 100.0 | 100.0 |   N/A |   N/A | 100.0 | 103.5
               +-------+-------+-------+-------+-------+----------------------

Skill      XL: |  1  2  3  4  5 |
---------------+----------------+-----
Axes           | 4 5 |  5.9
Fighting       | 4 |  4.8
Armour         | 3 4 |  4.0
Dodging        | 3 |  3.7

Action                     |  1- 3 |  4- 6 || total
---------------------------+-------+-------++-------
  Melee: Hand axe          |   106 |    71 ||   177
         Headbutt          |    11 |    10 ||    21
 Invoke: Trog's Hand       |       |     1 ||     1
         Berserk           |       |     2 ||     2
 Armour: Ring mail         |    74 |    60 ||   134
  Dodge: Dodged            |    57 |    45 ||   102

Vanquished Creatures
  Menkaure (D:4)
  A bombardier beetle (D:4)
  An orc priest (D:4)
  An orc wizard (D:3)
  An adder (D:3)
  4 dart slugs
  3 ribbon worms
  17 orcs
  5 endoplasms
  2 giant cockroaches (D:1)
  9 goblins
  5 hobgoblins
  3 jackals (D:1)
  A quokka (D:3)
  2 ball pythons
  4 bats
  5 frilled lizards
  7 kobolds
  4 rats
76 creatures vanquished.
